[Event "XXII Obert Internacional d'Escacs Sant Marti 2022"]
[Site "Barcelona, Spain"]
[Date "2022.07.21"]
[Round "9.1"]
[White "Pena Gomez, Manuel"]
[Black "Asis Gargatagli, Hipolito"]
[Result "0-1"]
[TimeControl "1.30 fb 30"]
[WhiteElo "2492"]
[BlackElo "2514"]

1. c4 Nf6 2. g3 g6 3. Bg2 Bg7 4. Nc3 O-O 5. e4 d6 6. Nf3 c5 7. O-O Nc6 8. d3 Bg4 9. h3 Bxf3 10.
Bxf3 Rb8 11. Be3 a6 12. Qd2 b5 13. Bg2 Nd4 14. f4 Nd7 15. Rae1 e6 16. Kh2 Qa5 17. h4 bxc4 18. dxc4 Qb4 19.
Rb1 Qxc4 20. Rfc1 Nf6 21. Kh1 Qb4 22. Qd1 h5 23. Bg1 Ng4 24. Qd3 a5 25. Bf1 Qb7 26. Bg2 Qe7 27. Re1 Rb4 28.
Qa6 Rfb8 29. b3 Bf6 30. Qd3 Qc7 31. Rbc1 Qe7 32. Bh3 Bg7 33. Qd1 Nf6 34. Bg2 Nd7 35. Qd3 Nb6 36. Qa6 Ra8 37. Qd3 Rb8 38. Qa6 a4 39. bxa4 Ra8 40. Qd3 Nxa4 41.
Ne2 Nb2 42. Qd2 Nc4 43. Qd3 Ra3 44. Rc3 Nxe2 45. Rxa3 Nxa3 46. Rxe2 Nb5 47. Rc2 Bd4 48. Rc4 Rb2 49. Bxd4 Nxd4 50.
a4 Qa7 51. Qa3 Rb3 52. Qc1 Rxg3 53.
Kh2 Qe7 54. Bh3 Qxh4 55. Qf1 Nf3+ 0-1

[Event "XXII Obert Internacional d'Escacs Sant Marti 2022"]
[Site "Barcelona, Spain"]
[Date "2022.07.21"]
[Round "9.2"]
[White "Roshka, Yevgeniy"]
[Black "Berdayes Ason, Dylan Isidro"]
[Result "1/2-1/2"]
[TimeControl "1.30 fb 30"]
[WhiteElo "2497"]
[BlackElo "2480"]

1. d4 Nf6 2. c4 e6 3. Nc3 Bb4 4. e3 O-O 5. Bd2 d5 6. Nf3 b6 7. cxd5 exd5 8. Rc1 Bb7 9. Bd3 Be7 10.
O-O c5 11. Ne5 Nc6 12. f4 cxd4 13. Nxc6 Bxc6 14. exd4 Qd7 15. f5 Ne4 16. Bf4 Qxf5 17. Be5 Qd7 18. Bxe4 dxe4 19. d5 Bb7 20.
d6 Bg5 21. Rc2 Rfe8 22. Qd4 f6 23. Bg3 Rac8 24. h4 Bh6 25. Re2 Ba6 26. Rxe4 Bxf1 27. Kxf1 Qf5+ 28. Kg1 Rxe4 29. Nxe4 Qe6 30.
Kh2 Re8 31. Nc3 Be3 32. Qa4 Bc5 33. Nb5 Qd7 34. b4 a6 35. Qxa6 Bxb4 36. Nc7 Bxd6 37. Nxe8 Bxg3+ 38. Kxg3 Qxe8 39.
Qxb6 Qe5+ 1/2-1/2

[Event "XXII Obert Internacional d'Escacs Sant Marti 2022"]
[Site "Barcelona, Spain"]
[Date "2022.07.21"]
[Round "9.3"]
[White "Aronyak, Ghosh"]
[Black "Macak, Stefan"]
[Result "1-0"]
[TimeControl "1.30 fb 30"]
[WhiteElo "2486"]
[BlackElo "2363"]

1. Nf3 e6 2. c4 Nf6 3. Nc3 d5 4. e3 Bd6 5. b3 c6 6. Bb2 O-O 7. Rc1 Nbd7 8. Be2 a6 9. d4 b5 10.
O-O b4 11. Na4 Ne4 12. Ne5 Qh4 13. g3 Qh3 14. cxd5 cxd5 15. Bg4 Qh6 16. Rxc8 Rfxc8 17. Nxd7 Ra7 18. Ndc5 f5 19. Nxe4 dxe4 20.
Be2 g5 21. d5 e5 22. Nb6 Rf8 23. Nc4 f4 24. Bg4 1-0

[Event "XXII Obert Internacional d'Escacs Sant Marti 2022"]
[Site "Barcelona, Spain"]
[Date "2022.07.21"]
[Round "9.4"]
[White "D`costa, Lorin"]
[Black "Narciso Dublan, Marc"]
[Result "1/2-1/2"]
[TimeControl "1.30 fb 30"]
[WhiteElo "2372"]
[BlackElo "2461"]

1. c4 f5 2. g3 Nf6 3. Bg2 e5 4. Nc3 Bb4 5. Nd5 a5 6. e3 c6 7. Nxf6+ Qxf6 8. Ne2 Be7 9. d3 d6 10.
Nc3 Nd7 11. Qc2 O-O 12. b3 Qg6 13. d4 e4 14. Bb2 Nf6 15. Ne2 d5 16. a4 Qf7 17. O-O Be6 18. Rfc1 g5 19. Ba3 Bxa3 20.
Rxa3 Qh5 21. Qd1 f4 22. exf4 Bg4 23. Ra2 gxf4 24. gxf4 Kh8 25. Qf1 Bxe2 26. Qxe2 Qxe2 27. Rxe2 Nh5 28.
Rc3 Nxf4 29. Rd2 Rf6 30. cxd5 cxd5 31. f3 e3 32. Rxe3 Rg8 33. Rc3 Re6 34. Kf1 Rge8 35. Rcc2 Re3 36. Kf2 Rxb3 37. Bf1 Ree3 38.
Be2 Rec3 39. Rxc3 Rxc3 40. Rb2 Ra3 41. Bb5 Ne6 42. Bd7 Nxd4 43. Rxb7 Nxf3 44.
Bf5 Ng5 45. Bd7 Ne4+ 46. Kg2 Nc5 47. Ra7 d4 48. Rxa5 Nxd7 49. Ra8+ Kg7 50. Ra7 Kg6 51. Rxd7 Rxa4 52. Kf3 h5 53. Ke4 Kg5 54. Rxd4 Rxd4+ 55. Kxd4 Kg4 56. Ke3 Kh3 57. Kf2 Kxh2 58. Kf1 h4 59. Kf2 h3 60. Kf1 Kg3 61. Kg1 h2+ 62.
Kh1 Kh3 1/2-1/2

[Event "XXII Obert Internacional d'Escacs Sant Marti 2022"]
[Site "Barcelona, Spain"]
[Date "2022.07.21"]
[Round "9.5"]
[White "Valenzuela Gomez, Fernando"]
[Black "Kovchan, Alexander"]
[Result "1/2-1/2"]
[TimeControl "1.30 fb 30"]
[WhiteElo "2373"]
[BlackElo "2468"]

1. e4 c5 2. Nf3 d6 3. d4 cxd4 4. Nxd4 Nf6 5. Nc3 a6 6. Bd3 g6 7. f3 e5 8. Nb3 Be6 9. Be3 h5 10.
Qd2 Nbd7 11. O-O-O Rc8 12. Kb1 Be7 13. h3 h4 14. f4 exf4 15. Bxf4 Nh5 16. Bh2 Ne5 17. Be2 Nf6 18. Rhf1 Qc7 19.
Bf4 Nfd7 20. Bg5 Bxg5 21. Qxg5 b5 22. a3 Rb8 23. Nd5 Bxd5 24. exd5 Qd8 25. Qd2 Rc8 26. Nd4 Nb6 27. Nc6 Nxc6 28.
dxc6 Rxc6 29. Bf3 d5 30. Bxd5 Nxd5 31. Qxd5 1/2-1/2

[Event "XXII Obert Internacional d'Escacs Sant Marti 2022"]
[Site "Barcelona, Spain"]
[Date "2022.07.21"]
[Round "9.6"]
[White "Noboa Silva, Kevin"]
[Black "Diermair, Andreas"]
[Result "1/2-1/2"]
[TimeControl "1.30 fb 30"]
[WhiteElo "2304"]
[BlackElo "2452"]

1. d4 Nf6 2. c4 e6 3. Nc3 Bb4 4. e3 O-O 5. Bd3 d5 6. a3 Bxc3+ 7. bxc3 dxc4 8. Bxc4 c5 9. Ne2 Qc7 10.
Ba2 b6 11. O-O Ba6 12. Bb2 Rd8 13. Rc1 Nc6 14. c4 cxd4 15. exd4 b5 16. d5 bxc4 17. Bxc4 Bxc4 18. Rxc4 exd5 19.
Rc2 Qd6 20. Ng3 Rac8 21. Re1 Re8 22. Rxe8+ Rxe8 23. Bxf6 Qxf6 24. Qxd5 Qd4 25. Qxd4 Nxd4 26. Rc1 g6 27. h3 h5 28.
Rc4 Re1+ 29. Kh2 Nb3 30. Rb4 Nd2 31. Rd4 Rd1 32. Ra4 a5 33. h4 Nb3 34. Ne4 Kg7 1/2-1/2

[Event "XXII Obert Internacional d'Escacs Sant Marti 2022"]
[Site "Barcelona, Spain"]
[Date "2022.07.21"]
[Round "9.7"]
[White "Perpinya Rofes, Lluis Maria"]
[Black "Munoz, Miguel"]
[Result "1/2-1/2"]
[TimeControl "1.30 fb 30"]
[WhiteElo "2297"]
[BlackElo "2408"]

1. e4 d5 2. exd5 Qxd5 3. Nc3 Qa5 4. d4 Nf6 5. Nf3 Bg4 6. h3 Bxf3 7. Qxf3 c6 8. Bd2 Nbd7 9. O-O-O e6 10.
Kb1 Bb4 11. a3 Bxc3 12. Bxc3 Qd5 13. Qg3 O-O 14. Bd3 a5 15. f3 b5 16. Be4 Nxe4 17. fxe4 Qxe4 18. d5 e5 19. Rhe1 Qc4 20.
b3 Qc5 21. Rxe5 f6 22. Re6 cxd5 23. b4 Qc4 24. Rd4 Qf1+ 25. Re1 Qf5 26. Rf4 Qh5 27. Qd3 axb4 28. Bxb4 Rfe8 29. Rxe8+ Rxe8 30.
Rf5 Qf7 31. Rxd5 Ne5 32. Qxb5 Rc8 33. Rd4 Kh8 34. Qd5 Qe8 35. Qb7 h6 36. Qe7 1/2-1/2

[Event "XXII Obert Internacional d'Escacs Sant Marti 2022"]
[Site "Barcelona, Spain"]
[Date "2022.07.21"]
[Round "9.8"]
[White "Phadke, Sohan"]
[Black "Barbero Sendic, Alejandro"]
[Result "1/2-1/2"]
[TimeControl "1.30 fb 30"]
[WhiteElo "2177"]
[BlackElo "2326"]

1. e4 e5 2. Nc3 Nf6 3. d4 exd4 4. Qxd4 Nc6 5. Qd3 Bb4 6. Bd2 O-O 7. O-O-O Re8 8. Nge2 d6 9. Bg5 h6 10.
Bxf6 Qxf6 11. Nd5 Qd8 12. Nxb4 Nxb4 13. Qd2 Na6 14. f3 Nc5 15. Kb1 a5 16. h4 Qf6 17. Nf4 Na4 18. c3 Nc5 19.
Nd5 Qd8 20. g4 Be6 21. Nf4 g6 22. g5 h5 23. Rg1 Nd7 24. Nxe6 Rxe6 25. Bc4 Re7 26. f4 Nc5 27. f5 Nxe4 28.
Qf4 Kh7 29. Bxf7 Rxf7 30. fxg6+ Kxg6 31. Qxe4+ Kg7 32. Rgf1 Qe7 33. Qd4+ Kg8 34. Rf6 Re8 35. Rdf1 Rxf6 36. gxf6 Qe4+ 37.
Kc1 Kf7 38. Qd1 Re5 39. Qb3+ Kf8 40. Rd1 Qf4+ 41. Kb1 Qe4+ 42. Qc2 Qxc2+ 43. Kxc2 Kf7 44. Rf1 Re4 45. Rf5 Rxh4 46. Rxa5 Kxf6 47.
Ra7 Rc4 48. Rxb7 h4 49. Rb8 Kg7 50. Re8 h3 51. Re2 Rh4 52. Rh2 Kg6 53. Kd3 Kf5 54. Ke3 Kg4 55. Kf2 Rh8 56. Kg1 Ra8 57.
a3 Re8 1/2-1/2

[Event "XXII Obert Internacional d'Escacs Sant Marti 2022"]
[Site "Barcelona, Spain"]
[Date "2022.07.21"]
[Round "9.9"]
[White "Lindh, Fredrik"]
[Black "Persson, Andreas"]
[Result "1-0"]
[TimeControl "1.30 fb 30"]
[WhiteElo "2287"]
[BlackElo "2154"]

1. e4 e5 2. Nf3 Nc6 3. Bb5 a6 4. Ba4 Nf6 5. O-O Be7 6. Re1 b5 7. Bb3 O-O 8. h3 Bb7 9. d3 d5 10.
exd5 Nxd5 11. Nc3 Nxc3 12. bxc3 Bf6 13. Nd2 Na5 14. Ba3 Re8 15. Ne4 Be7 16. Bxe7 Qxe7 17. Qh5 Nxb3 18. axb3 g6 19.
Qf3 Kg7 20. g4 h5 21. Qg3 hxg4 22. hxg4 Rh8 23. f3 Bxe4 24. Rxe4 Qc5+ 25. Kg2 Qxc3 26. Qxe5+ Qxe5 27. Rxe5 Rhe8 28. Rc5 Re2+ 29. Kg3 Rh8 30.
Rxa6 Rhh2 31. Rac6 Reg2+ 32. Kf4 Rh3 33. d4 b4 34. Re5 Rd2 35. Rxc7 Rxd4+ 36. Re4 Rd6 37. Ke3 g5 38. Rc5 Kg6 39.
Rxb4 Rf6 40. Rf5 Rc6 41. c4 Rh2 42. Rb7 f6 43. Kd3 Rd6+ 44. Kc3 Re2 45. c5 1-0

[Event "XXII Obert Internacional d'Escacs Sant Marti 2022"]
[Site "Barcelona, Spain"]
[Date "2022.07.21"]
[Round "9.10"]
[White "Dahale, Atul"]
[Black "Travesset Sagre, Jan"]
[Result "1-0"]
[TimeControl "1.30 fb 30"]
[WhiteElo "2162"]
[BlackElo "2286"]

1. d4 d5 2. c4 c6 3. Nc3 Nf6 4. Nf3 a6 5. c5 Nbd7 6. Bf4 Nh5 7. e3 g6 8. h3 Nxf4 9. exf4 Bh6 10. g3 O-O 11. h4 b6 12.
b4 bxc5 13. bxc5 Qa5 14. Qd2 e5 15. dxe5 Re8 16. Ne2 Qxd2+ 17. Nxd2 Rb8 18. Nb3 f6 19. h5 Bg7 20. hxg6 hxg6 21.
e6 Rxe6 22. O-O-O Rxb3 23. axb3 Nxc5 24. Nd4 Rd6 25. f5 Ne4 26. Rh2 c5 27. Ne6 gxf5 28. Nf4 Nc3 29. Rd2 Bb7 30. Kc2 Ne4 31. Rd1 Kf8 32. Bd3 Kg8 33.
f3 Ng5 34. Rf2 d4 35. Bc4+ Kf8 36. Re1 d3+ 37. Kc3 Bh6 38. Ng6+ Kg7 39. Nh4 Rd7 40. Nxf5+ Kg6 41. Nh4+ Kg7 42. Bxd3 Kf7 43. Bc4+ Kf8 44. Ng6+ Kg7 45. Re7+ Rxe7 46. Nxe7 Bxf3 47. Nf5+ Kf8 48.
Rxf3 Nxf3 49. Nxh6 a5 50. Nf5 Ne5 51. Nd6 Ke7 52. Nb7 f5 53. Nxc5 Nc6 54. Nb7 Kf6 55. Bb5 Na7 56. Bd7 Ke7 57.
Bxf5 Kf6 58. Bd7 Ke7 59. Ba4 Nc8 60. Nxa5 Nd6 61. Bc6 Nf5 62. g4 Ne3 63. Bf3 Kf6 64. Kd3 Nf1 65. b4 Ke5 66.
b5 Kd6 67. b6 Nh2 68. Be2 Kd7 69. g5 1-0